 Dungeon Crawl Stone Soup version 0.31-a0-214-gb37851d (webtiles) character file.

Game seed: 3678795040891284876

3139 lyrin the Skirmisher (level 9, -3/54 HPs)
             Began as a Deep Elf Hexslinger on July 1, 2023.
             Was an Initiate of Fedhas.
             Killed from afar by a steam dragon (6 damage)
             ... with a ball of steam
             ... on level 8 of the Dungeon.
             The game lasted 00:18:47 (9796 turns).

lyrin the Skirmisher (Deep Elf Hexslinger)          Turns: 9796, Time: 00:18:47

Health: -3/54      AC:  7    Str:  7    XL:     9   Next: 61%
Magic:  20/20      EV: 14    Int: 26    God:    Fedhas [......]
Gold:   193        SH:  0    Dex: 19    Spells: 16/20 levels left

rFire   . . .        a - +1 sling
rCold   . . .        (no shield)
rNeg    . . .        c - +0 robe
rPois   +            (no helmet)
rElec   +            e - scarf {+Inv}
rCorr   .            x - +0 pair of gloves of Gallantry {rPois Int+7 Stlth+}
SInv    +            (no boots)
Will    .....        p - amulet of Nitridel {Acrobat -Tele rElec SInv}
Stlth   +++          (no ring)
HPRegen 0.29/turn    g - +4 ring of protection
MPRegen 0.17/turn

%: no teleportation, acrobat
@: no status effects
A: no striking features
a: Renounce Religion, Evoke Invisibility


You were on level 8 of the Dungeon.
You worshipped Fedhas.
Fedhas was noncommittal.
You visited 2 branches of the dungeon, and saw 9 of its levels.

You collected 459 gold pieces.
You spent 266 gold pieces at shops.

Inventory:

Hand Weapons
 a - a +1 sling (weapon)
 s - a +2 scimitar of freezing
 E - a +0 orcbow
Missiles
 l - 9 poisoned darts
Armour
 c - a +0 robe (worn)
 e - a scarf of invisibility (worn)
 x - the +0 pair of gloves of Gallantry (worn) {rPois Int+7 Stlth+}
   (You bought it in a shop on level 5 of the Dungeon)

   Int:       It affects your intelligence (+7).
   rPois:     It protects you from poison.
   Stlth:     It makes you more stealthy.
Jewellery
 f - an amulet of magic regeneration
 g - a +4 ring of protection (right hand)
 m - a +6 ring of strength
 p - the amulet of Nitridel (around neck) {Acrobat -Tele rElec SInv}
   (You found it on level 3 of the Dungeon)

   [amulet of the acrobat]

   It increases your evasion while moving and waiting.
   rElec:     It insulates you from electricity.
   SInv:      It lets you see invisible.
   -Tele:     It prevents most forms of teleportation.
 v - a ring of poison resistance
Wands
 r - a wand of flame (13)
Scrolls
 b - 2 scrolls of poison
 i - a scroll of fear {unknown}
 j - 2 scrolls of enchant armour
 o - 2 scrolls of vulnerability
 t - 4 scrolls of teleportation
 u - a scroll of enchant weapon {unknown}
 y - a scroll of amnesia {unknown}
 B - a scroll of blinking {unknown}
 D - a scroll of brand weapon {unknown}
 F - 2 scrolls of noise
 G - a scroll of revelation {unknown}
Potions
 d - 2 potions of enlightenment
 h - 3 potions of might
 k - 3 potions of attraction
 n - a potion of degeneration {unknown}
 q - a potion of magic {unknown}
 w - 3 potions of brilliance {unknown}
 A - a potion of heal wounds {unknown}
 C - a potion of resistance


   Skills:
 - Level 5.0 Fighting
 + Level 0.1 Long Blades
 - Level 13.1 Ranged Weapons
 + Level 4.7 Dodging
 - Level 6.0 Spellcasting
 - Level 6.0 Hexes
 - Level 0.6 Fire Magic
 * Level 1.3 Invocations
 + Level 0.1 Evocations


You had 16 spell levels left.
You knew the following spells:

 Your Spells              Type           Power      Damage    Failure   Level
a - Slow                  Hex            100%       N/A       1%          1
b - Inner Flame           Hex/Fire       25%        N/A       5%          3

Your spell library contained the following spells:

 Spells                   Type           Power      Damage    Failure   Level
 Tukima's Dance           Hex            39%        N/A       1%          3
 Portal Projectile        Hex/Tloc       46%        N/A       6%          3
 Cause Fear               Hex            19%        N/A       6%          4
 Apportation              Tloc           14%        N/A       7%          1
 Magic Dart               Conj           28%        1d4       7%          1
 Shock                    Conj/Air       28%        1d4       7%          1
 Call Imp                 Summ           14%        N/A       11%         2
 Mephitic Cloud           Conj/Pois/Air  7%         N/A       21%         3
 Swiftness                Air            7%         N/A       21%         3
 Yara's Violent Unravell  Hex/Tmut       11%        3d6       50%         5
 Airstrike                Air            3%         2d(1-17)  56%         4
 Passage of Golubria      Tloc           7%         N/A       56%         4
 Alistair's Intoxication  Tmut/Pois      4%         N/A       88%         5


Dungeon Overview and Level Annotations

Branches:
Dungeon (8/15)             Temple (1/1) D:7
   Lair: D:8-11

Altars:
Ashenzari
Cheibriados
Dithmenos
Elyvilon
Fedhas
Hepliaklqana
Makhleb
Nemelex Xobeh
Okawaru
Qazlal
Ru
Sif Muna
Trog
Uskayaw
Vehumet
Xom
The Shining One

Shops:
D:5 [


Message History

The steam dragon misses you. The steam dragon closely misses you.
Fire: a) +1 sling
Press: ? - help, Q - select action, (/) - cycle Shift-Dir - straight line, f/p - steam dragon
Aim: a steam dragon (severely wounded, catching its breath, 68% to hit)
You shoot a sling bullet.
The sling bullet hits the steam dragon but does no damage.
The steam dragon is severely wounded.
The steam dragon bites you but does no damage.
The steam dragon barely misses you.
Fire: a) +1 sling
Press: ? - help, Q - select action, (/) - cycle Shift-Dir - straight line, f/p - steam dragon
Aim: a steam dragon (severely wounded, 68% to hit)
You shoot a sling bullet. The sling bullet hits the steam dragon.
The steam dragon is severely wounded.
The steam dragon closely misses you. The steam dragon completely misses you.
Fire: a) +1 sling
Press: ? - help, Q - select action, (/) - cycle Shift-Dir - straight line, f/p - steam dragon
Aim: a steam dragon (severely wounded, 68% to hit)
You shoot a sling bullet. The sling bullet hits the steam dragon.
The steam dragon is almost dead.
Unknown command.
Fire: a) +1 sling
Press: ? - help, Q - select action, (/) - cycle Shift-Dir - straight line, f/p - steam dragon
Aim: a steam dragon (almost dead, 68% to hit)
You shoot a sling bullet.
The sling bullet barely misses the steam dragon.
The steam dragon bites you.
* * * LOW HITPOINT WARNING * * *
The steam dragon claws you.
* * * LOW HITPOINT WARNING * * *
Fire: a) +1 sling
Press: ? - help, Q - select action, (/) - cycle Shift-Dir - straight line, f/p - steam dragon
Aim: a steam dragon (almost dead, 68% to hit)
You shoot a sling bullet.
The sling bullet hits the steam dragon but does no damage.
The steam dragon is almost dead.
The steam dragon breathes steam at you. The ball of steam hits you.
You die...
Fedhas appreciates your contribution to the ecosystem.

###... ....
..>. ....
#... ...
#..### #..
#.... #.#
#...#####.#
#.....@D#.#
#.)##.....#
#..<#.#.###
#...#...##
#........#
#..#####.#
#).# #.#
#......#.#
##.###.#.#


You could see a steam dragon (catching breath).

Vanquished Creatures
  A kobold demonologist (D:4)
  Eustachio (D:5)
  A wyvern (D:6)
  Edmund (D:5)
  An ice beast (D:8)
  A sky beast (D:6)
  An orc warrior (D:6)
  2 centaurs (D:6)
  An ogre (D:4)
  A phantom (D:4)
  A kobold brigand (D:5)
  Blork the orc (D:4)
  3 bullfrogs (D:7)
  A gnoll sergeant (D:7)
  5 scorpions
  7 wights
  A hound (D:4)
  2 jellies (D:7)
  6 orc priests
  7 orc wizards
  An iguana (D:5)
  A sleepcap (D:5)
  18 gnolls
  3 adders
  A shadow imp (D:6)
  2 white imps (D:6)
  3 ufetubi
  A worm (D:5)
  2 dart slugs
  36 orcs
  11 ball pythons
  3 bats
  5 endoplasms
  3 giant cockroaches
  8 hobgoblins
  5 kobolds
  3 quokkas (D:1)
  2 frilled lizards
  13 goblins
  5 rats
  2 butterflies (D:6)
173 creatures vanquished.

Notes
Turn   | Place    | Note
-------+----------+-------------------------------------------
     0 | D:1      | lyrin the Deep Elf Hexslinger began the quest for the Orb.
     0 | D:1      | Reached XP level 1. HP: 11/11 MP: 5/5
    62 | D:1      | Reached skill level 3 in Ranged Weapons
   149 | D:1      | Reached skill level 1 in Fighting
   149 | D:1      | Reached XP level 2. HP: 16/16 MP: 6/6
   156 | D:1      | Found a faded altar of an unknown god.
   331 | D:1      | Reached skill level 4 in Ranged Weapons
   438 | D:1      | Reached XP level 3. HP: 19/20 MP: 7/7
   899 | D:2      | Found a sparkling altar of Nemelex Xobeh.
  1777 | D:3      | Reached skill level 5 in Ranged Weapons
  1834 | D:3      | Reached XP level 4. HP: 24/25 MP: 5/8
  1905 | D:3      | Identified the amulet of Nitridel {Acrobat -Tele rElec
                  | SInv}
  2033 | D:3      | You fall into a shaft and drop 1 floor!
  2098 | D:5      | Entered Level 5 of the Dungeon
  2098 | D:5      | Found Guonlaxki's Antique Armour Boutique.
  2306 | D:4      | HP: 1/25 [orc priest/+0 hand axe (3)]
  2310 | D:4      | Reached skill level 6 in Ranged Weapons
  2310 | D:4      | Reached XP level 5. HP: 2/29 MP: 10/10
  3029 | D:4      | Reached skill level 7 in Ranged Weapons
  3029 | D:4      | Reached XP level 6. HP: 35/35 MP: 10/13
  3060 | D:4      | Noticed Blork the orc
  3147 | D:4      | Killed Blork the orc
  3369 | D:4      | Reached skill level 8 in Ranged Weapons
  3495 | D:4      | Reached XP level 7. HP: 37/40 MP: 15/15
  4010 | D:3      | Found a glowing golden altar of the Shining One.
  4683 | D:5      | Reached skill level 9 in Ranged Weapons
  5103 | D:5      | Noticed a kobold demonologist
  6132 | D:5      | Reached skill level 10 in Ranged Weapons
  6132 | D:5      | Reached XP level 8. HP: 26/46 MP: 16/16
  6417 | D:5      | Noticed a sun demon
  6642 | D:5      | Noticed an orange demon
  6656 | D:4      | Killed a kobold demonologist
  6657 | D:4      | Reached skill level 11 in Ranged Weapons
  6961 | D:5      | Noticed Edmund
  7243 | D:5      | Killed Edmund
  7306 | D:6      | Reached skill level 5 in Hexes
  7496 | D:6      | Noticed Eustachio
  7594 | D:5      | Killed Eustachio
  7595 | D:5      | Reached skill level 12 in Ranged Weapons
  7595 | D:5      | Reached XP level 9. HP: 48/52 MP: 16/18
  7878 | D:6      | Reached skill level 5 in Spellcasting
  8264 | D:6      | Found a shimmering altar of Xom.
  8742 | D:5      | Bought a pair of masterwork gloves for 266 gold pieces
  8742 | D:5      | Identified the +0 pair of gloves of Gallantry {rPois Int+7
                  | Stlth+} (You bought it in a shop on level 5 of the Dungeon)
  8830 | D:7      | Learned a level 3 spell: Inner Flame
  9257 | D:7      | Reached skill level 13 in Ranged Weapons
  9323 | D:7      | Found an iron altar of Okawaru.
  9546 | D:7      | Reached skill level 5 in Fighting
  9592 | D:7      | Found a staircase to the Ecumenical Temple.
  9601 | Temple   | Entered the Ecumenical Temple
  9678 | Temple   | Became a worshipper of Fedhas Madash
  9743 | D:8      | Reached skill level 1 in Invocations
  9796 | D:8      | Killed from afar by a steam dragon

Illustrated notes

Levels and vault maps discovered:
D:1:      minmay_arrival_floating_metal, layout_loops_ring,
          ebering_ecumenical_altar_abandoned
D:2:      layout_loops_corners, basic_altar
D:3:      layout_basic, tso_altar
D:4:      layout_loops_ring, chequers_big_river, uniq_blork_the_orc
D:5:      layout_loops_ring, nicolae_stop_n_shop_1, grunt_decor_arrowhead,
          minmay_divided_ellipse, uniq_edmund
D:6:      layout_loops_ring, xom_butterflies, uniq_eustachio
D:7:      layout_cave_pools, kennysheep_okawaru_gauntlet, temple_hall,
          serial_column_ruins, column_ruins_open_tiny,
          column_ruins_open_small_water, column_ruins_grid_1,
          column_ruins_corridor_straight, column_ruins_open_small,
          column_ruins_open_tiny, kennysheep_nondescript
D:8:      layout_basic, nicolae_overflow_two_pavilions, lightli_orcish_oven
Temple:   eino_temple_scatter_basement

Skill      XL: |  1  2  3  4  5  6  7  8  9 |
---------------+----------------------------+-----
Ranged Weapons | 3 4 5 6 7 8 10 12 13 | 13.1
Fighting       | 1 2 3 4 5 |  5.0
Spellcasting   | 2 3 4 6 |  6.0
Dodging        | 3 4 |  4.7
Hexes          | 5 6 |  6.0
Invocations    | 1 |  1.3
Long Blades    | |  0.1
Fire Magic     | |  0.6
Evocations     | |  0.1

Action                     |  1- 3 |  4- 6 |  7- 9 || total
---------------------------+-------+-------+-------++-------
  Melee: Scimitar          |       |       |     6 ||     6
   Fire: Sling             |    98 |   129 |   683 ||   910
   Cast: Slow              |     5 |    18 |    12 ||    35
         Inner Flame       |       |       |     1 ||     1
  Evoke: Wand              |       |       |     5 ||     5
    Use: Scroll            |       |       |     8 ||     8
         Potion            |       |       |     3 ||     3
 Armour: Robe              |     9 |    11 |    74 ||    94
  Dodge: Dodged            |    26 |    24 |   317 ||   367

Table legend: (Time is in decaauts)
 A = Elapsed time spent in this place.
 B = Non-inter-level travel time spent in this place.
 C = Inter-level travel time spent in this place.
 D = Time resting spent in this place.
 E = Time spent auto-exploring this place.
 F = Levels seen in this place.
 G = Mean time per level.
                   A        B        C        D        E       F      G
               +--------+--------+--------+--------+--------+-----+--------+
         Total |   9769 |   9236 |    533 |   2294 |   4799 |   9 | 1085.4 |
       Dungeon |   9673 |   9157 |    516 |   2294 |   4742 |   8 | 1209.1 |
        Temple |     95 |     78 |     17 |      0 |     57 |   1 |   95.0 |
               +--------+--------+--------+--------+--------+-----+--------+

Top non-repeatable levels by time:
     D:4: 2825 daAuts
     D:5: 2103 daAuts
     D:2: 1194 daAuts
     D:6: 1111 daAuts
     D:1: 850 daAuts
     D:7: 810 daAuts
     D:3: 712 daAuts
  Temple: 95 daAuts
     D:8: 65 daAuts
